 Dungeon Crawl Stone Soup version 0.28-a0-1504-g839a4452db (webtiles) character file.

Game seed: 16156238813155390261

504 Majang the Chopper (level 7, 0/60 HPs)
             Began as a Ghoul Gladiator on Jan 13, 2022.
             Was an Initiate of Cheibriados.
             Slain by an ogre (19 damage)
             ... on level 5 of the Dungeon.
             The game lasted 00:17:19 (3474 turns).

Majang the Chopper (Ghoul Gladiator)                Turns: 3474, Time: 00:17:20

Health: 0/60       AC:  8    Str: 19    XL:     7   Next: 17%
Magic:  6/6        EV:  8    Int: 12    God:    Cheibriados [......]
Gold:   149        SH:  6    Dex: 11    Spells: 6/6 levels left

rFire   . . .      SeeInvis .   a - +0 war axe
rCold   + . .      Faith    .   p - +0 kite shield
rNeg    + + +      Spirit   .   l - +0 scale mail
rPois   ∞          Reflect  .   c - +1 helmet
rElec   .          Harm     .   (no cloak)
rCorr   .          Rampage  .   (no gloves)
Will    .....                   (no boots)
Stlth   ..........              n - amulet of regeneration
HPRegen 0.00/turn               i - +6 ring of intelligence
MPRegen 0.10/turn               (no ring)

@: inhibited regen, invisible, very slow
A: claws 1, cold resistance 1, negative energy resistance 3, inhibited
regeneration, torment resistance 2
a: Renounce Religion


You were on level 5 of the Dungeon.
You worshipped Cheibriados.
Cheibriados was noncommittal.
You visited 2 branches of the dungeon, and saw 6 of its levels.

You collected 149 gold pieces.

Inventory:

Hand Weapons
 a - a +0 war axe (weapon)
 b - the +7 hunting sling of Ujio {vorpal, Fly Int-3 Dex+4}
   (You found it on level 2 of the Dungeon)

   Any ammunition fired from it inflicts extra damage upon your enemies.
   Int:       It affects your intelligence (-3).
   Dex:       It affects your dexterity (+4).
   Fly:       It grants you flight.
 e - a +1 flail of venom
Missiles
 d - 2 throwing nets (quivered)
 o - 113 stones
Armour
 c - a +1 helmet (worn)
 h - a +0 chain mail
 l - a +0 scale mail (worn)
 p - a +0 kite shield (worn)
Jewellery
 i - a +6 ring of intelligence (left claw)
 n - an amulet of regeneration (around neck)
Scrolls
 g - 2 scrolls of enchant armour
 k - a scroll of identify
Potions
 f - 3 potions of curing
 j - a potion of attraction


   Skills:
 + Level 4.6 Fighting
 * Level 5.7 Axes
 + Level 1.1(1.6) Slings
 - Level 1.7(2.0) Throwing
 + Level 1.1 Armour
 + Level 3.0 Dodging
 + Level 0.0 Shields
 + Level 0.6 Invocations


You had 6 spell levels left.
You didn't know any spells.
Your spell library contained the following spells:

 Spells                   Type           Power      Damage    Failure   Level
 Corpse Rot               Necr/Air       0%         N/A       99%         2
 Dispel Undead            Necr           0%         3d6       100%        4
 Death Channel            Necr           0%         N/A       100%        6


Dungeon Overview and Level Annotations

Branches:
Dungeon (5/15)             Temple (1/1) D:4

Altars:
Ashenzari
Cheibriados
Dithmenos
Elyvilon
Fedhas
Gozag
Hepliaklqana
Kikubaaqudgha
Makhleb
Nemelex Xobeh
Okawaru
Ru
Sif Muna
Trog
Vehumet
Wu Jian
Xom
Yredelemnul
Zin
The Shining One


Innate Abilities, Weirdness & Mutations

You thrive by killing the living.
You are immune to poison.
You have sharp fingernails.
Your flesh is cold resistant. (rC+)
You are immune to negative energy. (rN+++)
You do not regenerate when monsters are visible.
You are immune to unholy pain and torment.


Message History

g - 2 scrolls of enchant armour (gained 1)
k - 2 scrolls of identify (gained 1)
As you read the scroll of identify, it crumbles to dust.
m - a potion of invisibility An iguana and an ogre come into view.
Found 9 gold pieces.
The iguana hisses angrily.
The ogre shouts!
There is a stone staircase leading up here.
Fire: 116 stones
Press: ? - help, Q - select action, (/) - cycle Shift-Dir - straight line, f - iguana
Aim: an iguana (71% to hit)
You shoot a stone. The stone hits the iguana.
The iguana is heavily wounded.
Fire: 115 stones
Press: ? - help, Q - select action, (/) - cycle Shift-Dir - straight line, f/p - iguana
Aim: an iguana (heavily wounded, 71% to hit)
You shoot a stone. The stone hits the iguana!
You kill the iguana!
Cheibriados appreciates the change of pace.
Fire: 114 stones
Press: ? - help, Q - select action, (/) - cycle Shift-Dir - straight line, f - ogre
Aim: an ogre, wielding a +0 giant spiked club (80% to hit)
You shoot a stone. The stone hits the ogre!
The ogre is moderately wounded.
Really attack while wielding the +7 hunting sling of Ujio {vorpal, Fly Int-3 Dex+4}? [Y]es or [N]o only, please.
Really attack while wielding the +7 hunting sling of Ujio {vorpal, Fly Int-3 Dex+4}?
Okay, then.
You float gracefully downwards.
a - a +0 war axe (weapon)
The ogre hits you with a +0 giant spiked club!!
You slash the ogre!
The ogre is severely wounded.
The ogre hits you with a +0 giant spiked club!!
You fade into invisibility!
The ogre barely misses you.
You hit the ogre.
The ogre is almost dead.
The ogre hits you with a +0 giant spiked club!!
You die...

### #@#
#O# #(#
#(# #.#
#.#
#.######
#......#
######l#


You could see an ogre.

Vanquished Creatures
  Menkaure (D:4)
  Edmund (D:4)
  A phantom (D:4)
  An iguana (D:5)
  An orc wizard (D:3)
  5 adders
  A worm (D:2)
  2 dart slugs
  4 orcs (D:3)
  8 bats
  6 endoplasms
  12 goblins
  8 hobgoblins
  5 jackals (D:2)
  7 kobolds
  3 quokkas
  8 ball pythons
  3 frilled lizards
  3 rats
80 creatures vanquished.

Vanquished Creatures (collateral kills)
  A goblin (D:4)
1 creature vanquished.

Grand Total: 81 creatures vanquished

Notes
Turn   | Place    | Note
-------+----------+-------------------------------------------
     0 | D:1      | Majang the Ghoul Gladiator began the quest for the Orb.
     0 | D:1      | Reached XP level 1. HP: 17/17 MP: 0/0
   289 | D:1      | You fall into a shaft and drop 1 floor!
   302 | D:2      | Reached skill level 3 in Axes
   307 | D:2      | Reached XP level 2. HP: 17/25 MP: 1/1
   411 | D:2      | Identified the +7 hunting sling of Ujio {vorpal, Fly Int-3
                  | Dex+4}
   545 | D:2      | Reached XP level 3. HP: 19/30 MP: 2/2
  1103 | D:1      | Reached XP level 4. HP: 38/38 MP: 3/3
  1179 | D:2      | Reached skill level 4 in Axes
  1649 | D:3      | Reached XP level 5. HP: 45/45 MP: 4/4
  1825 | D:3      | Found a faded altar of an unknown god.
  2211 | D:4      | Noticed Menkaure
  2224 | D:4      | Killed Menkaure
  2225 | D:4      | Reached skill level 5 in Axes
  2225 | D:4      | Reached XP level 6. HP: 52/52 MP: 5/5
  2357 | D:4      | Noticed Edmund
  2368 | D:4      | Killed Edmund
  2434 | D:4      | Found a staircase to the Ecumenical Temple.
  2444 | Temple   | Entered the Ecumenical Temple
  2817 | Temple   | Became a worshipper of Cheibriados the Contemplative
  2957 | D:4      | Reached skill level 1 in Slings
  2957 | D:4      | Reached skill level 1 in Armour
  2957 | D:4      | Reached XP level 7. HP: 39/60 MP: 6/6
  3445 | D:5      | Entered Level 5 of the Dungeon
  3474 | D:5      | Slain by an ogre

Illustrated notes

Levels and vault maps discovered:
D:1:      saegor_arrival_miasma, layout_loops_cross,
          chequers_serial_rivers_room_b
D:2:      layout_basic
D:3:      layout_basic, ebering_ecumenical_altar_sacrificial
D:4:      layout_loops_ring, minmay_temple_entry_statues_pillars,
          minmay_quantized, uniq_menkaure, uniq_edmund
D:5:      layout_basic, uniq_ijyb
Temple:   mainiacjoe_temple_cubbyholes

Skill      XL: |  1  2  3  4  5  6 |
---------------+-------------------+-----
Axes           | 3 4 5 |  5.7
Fighting       | 3 4 |  4.6
Slings         | 1 |  1.1
Armour         | 1 |  1.1
Dodging        | 3 |  3.0
Throwing       | |  1.7
Invocations    | |  0.6

Action                   |  1- 3 |  4- 6 |  7- 9 || total
-------------------------+-------+-------+-------++-------
Melee: War axe           |    83 |    88 |     7 ||   178
       Punch             |     3 |       |       ||     3
 Fire: Hunting sling     |       |    44 |     7 ||    51
Throw: Throwing net      |       |     3 |       ||     3
  Use: Scroll            |       |     9 |     1 ||    10
       Potion            |       |     2 |     1 ||     3
Armor: Leather armour    |    20 |       |       ||    20
       Scale mail        |    13 |    31 |       ||    44
Dodge: Dodged            |    57 |    46 |     6 ||   109

Table legend: (Time is in decaauts)
 A = Elapsed time spent in this place.
 B = Non-inter-level travel time spent in this place.
 C = Inter-level travel time spent in this place.
 D = Time resting spent in this place.
 E = Time spent auto-exploring this place.
 F = Levels seen in this place.
 G = Mean time per level.
                   A        B        C        D        E       F      G
               +--------+--------+--------+--------+--------+-----+--------+
         Total |   3686 |   3356 |    330 |    530 |   2100 |   6 |  614.3 |
       Dungeon |   3204 |   3065 |    139 |    530 |   1811 |   5 |  640.8 |
        Temple |    482 |    292 |    190 |      0 |    289 |   1 |  482.0 |
               +--------+--------+--------+--------+--------+-----+--------+

Top non-repeatable levels by time:
     D:4: 1053 daAuts
     D:1: 767 daAuts
     D:2: 730 daAuts
     D:3: 618 daAuts
  Temple: 482 daAuts
     D:5: 35 daAuts
